 Dungeon Crawl Stone Soup version 0.30-a0-743-gbfdf073431 (webtiles) character file.

Game seed: 16406737606632116683

1843 MudFish the Fighter (level 8, -7/78 HPs)
             Began as a Red Draconian Monk on Jan 15, 2023.
             Was a Priest of Qazlal.
             Mangled by an orc warrior
             ... wielding a +1 long sword of freezing
              (8 damage)
             ... on level 6 of the Dungeon on Feb 6, 2023.
             The game lasted 00:11:24 (5118 turns).

MudFish the Fighter (Red Draconian Monk)            Turns: 5118, Time: 00:11:25

Health: -7/78      AC:  6    Str: 17    XL:     8   Next: 88%
Magic:  10/10      EV: 12    Int: 10    God:    Qazlal [***...]
Gold:   348        SH:  0    Dex: 13    Spells: 7/7 levels left

rFire   + . .      SeeInvis .      - Unarmed
rCold   . . .      Faith    .    (no shield)
rNeg    . . .      Spirit   .    (body armour unavailable)
rPois   .          Reflect  .    (helmet restricted)
rElec   .          Harm     .    (no cloak)
rCorr   .          Rampage  .    (no gloves)
Will    +....                    (no boots)
Stlth   +                        (no amulet)
HPRegen 0.33/turn                e - ring of willpower
MPRegen 0.12/turn                (no ring)

@: confused, slowed, very slow
A: breathe fire, AC +6, unfitting armour, fire resistance 1, cold-blooded,
mutation resistance 1
a: Breathe Fire, Renounce Religion, Upheaval, Elemental Force


You were on level 6 of the Dungeon.
You worshipped Qazlal.
Qazlal was most pleased with you.
You visited 1 branch of the dungeon, and saw 6 of its levels.

You collected 348 gold pieces.

Inventory:

Missiles
 l - 6 poisoned darts (quivered)
Jewellery
 c - a ring of protection from cold
 e - a ring of willpower (left hand)
 j - a ring of protection from fire
 n - a ring of magical power
 p - a +4 ring of protection
Wands
 a - a wand of polymorph (3)
 s - a wand of acid (5)
Scrolls
 d - a scroll of fear
 i - 3 scrolls of teleportation
 m - a scroll of vulnerability
 o - 2 scrolls of enchant armour
 r - a scroll of poison
 t - a scroll of identify
Potions
 b - a potion of mutation
 f - a potion of cancellation
 g - a potion of lignification
 h - a potion of degeneration
 k - 2 potions of attraction
 q - 3 potions of flight


   Skills:
 + Level 9.0 Fighting
 - Level 2.6 Dodging
 - Level 1.7 Stealth
 * Level 8.6 Unarmed Combat
 * Level 3.2 Invocations


You had 7 spell levels left.
You didn't know any spells.
Your spell library contained the following spells:

 Spells                   Type           Power      Damage    Failure   Level
 Foxfire                  Conj/Fire      0%         2x1d4     36%         1
 Summon Small Mammal      Summ           0%         N/A       36%         1
 Call Canine Familiar     Summ           0%         N/A       75%         3
 Summon Guardian Golem    Hex/Summ       0%         N/A       75%         3
 Fireball                 Conj/Fire      0%         3d3       100%        5
 Iskenderun's Battlesphe  Conj           0%         2d6       100%        5
 Conjure Ball Lightning   Conj/Air       0%         3x3d6     100%        6
 Starburst                Conj/Fire      0%         6d3       100%        6
 Orb of Destruction       Conj           0%         9d5       100%        7


Dungeon Overview and Level Annotations

Branches:
Dungeon (6/15)
 Temple: D:4-7

Altars:
Gozag
Kikubaaqudgha
Makhleb
Qazlal
Uskayaw
Wu Jian


Innate Abilities, Weirdness & Mutations

You can breathe blasts of fire.
Your fiery red scales are hard. (AC +6)
You cannot fit into any form of body armour.
Your flesh is heat resistant. (rF+)
You are cold-blooded and may be slowed by cold attacks.
You are somewhat resistant to further mutation.


Message History

The orc warrior is moderately wounded.
The orc warrior closely misses you.
The orc warrior hits you with a +0 hand axe.
Something hits you. The orc barely misses you.
The orc warrior hits you with a +1 long sword of freezing!
You feel yourself slow down. The orc warrior freezes you.
You barely miss something.
The orc warrior hits you with a +0 hand axe.
You hear some strange, mumbled words.
A magic dart appears from out of thin air!
The magic dart hits you.
The orc is engulfed in freezing vapours.
You kill the orc!
Qazlal accepts your kill.
The orc warrior hits you with a +1 long sword of freezing!
You feel as though you will be slow longer.
The orc warrior freezes you.
You completely miss something. Something hits you.
The orc warrior hits you with a +0 hand axe.
The orc warrior hits you with a +1 long sword of freezing.
The orc warrior freezes you. Something hits you but does no damage.
The orc warrior hits you with a +0 hand axe.
The orc warrior misses you.
You barely miss something. Something hits you.
The orc warrior barely misses you.
The orc throws a boomerang.
The boomerang hits you.
* * * LOW HITPOINT WARNING * * *
The orc warrior hits you with a +1 long sword of freezing!
* * * LOW HITPOINT WARNING * * *
You feel as though you will be slow longer.
The orc warrior freezes you.
* * * LOW HITPOINT WARNING * * *
You closely miss something.
You hear some strange, mumbled words.
You are confused.
The orc warrior closely misses you. The orc warrior completely misses you.
The orc warrior hits you with a +0 hand axe!
* * * LOW HITPOINT WARNING * * *
The orc warrior hits you with a +1 long sword of freezing!
You die...

#... # ##... .
#.... .#
♣##...###.##.#
###...[..<...s
##.....o...#
......s{oo.#
#####.o☼####
#.o@##
##....###
#####
#.......#
##...##
#.#####.#
##.....####.#
#.##########
#.....[.....#
#..........#
#.......###.#
#.###.#.##.#
#.......#
#.#####.#
#.#.##.#
##.......#
#.......#
#.#..#.#


You could see 2 orc warriors, a scorpion and 2 orcs.

Vanquished Creatures
  Pikel (D:4)
  Grinder (D:4)
  Sigmund (D:4)
  A black bear (D:4)
  An ogre (D:6)
  2 phantoms
  A bullfrog (D:6)
  3 scorpions (D:5)
  A vampire bat (D:3)
  A hound (D:4)
  Jessica (D:2)
  An iguana (D:6)
  An orc wizard (D:4)
  4 gnolls (D:5)
  4 adders
  2 ufetubi
  A worm (D:2)
  8 dart slugs
  3 fire bats (D:3)
  15 orcs
  2 spectral bats (D:3)
  3 ball pythons
  3 bat skeletons (D:3)
  A bat zombie (D:3)
  10 endoplasms
  2 giant cockroaches
  17 goblins
  13 hobgoblins
  3 quokkas
  13 bats
  A bat simulacrum (D:3)
  3 frilled lizards
  3 kobolds
  10 rats
137 creatures vanquished.

Notes
Turn   | Place    | Note
-------+----------+-------------------------------------------
     0 | D:1      | MudFish the Draconian Monk began the quest for the Orb.
     0 | D:1      | Reached XP level 1. HP: 19/19 MP: 1/1
    65 | D:1      | Reached XP level 2. HP: 15/26 MP: 2/2
   267 | D:1      | Reached skill level 4 in Fighting
   271 | D:1      | Reached XP level 3. HP: 31/33 MP: 3/3
   805 | D:2      | Noticed Jessica
   812 | D:2      | Killed Jessica
   813 | D:2      | Reached XP level 4. HP: 41/41 MP: 4/4
  1657 | D:2      | Gained mutation: You are somewhat resistant to further
                  | mutation. [potion of mutation]
  1677 | D:2      | Upgraded the game from 0.30-a0-639-g3916f1956a to
                  | 0.30-a0-737-gf23d94013f
  2033 | D:3      | Found a stormy altar of Qazlal.
  2033 | D:3      | Found an opulent altar of Gozag.
  2141 | D:3      | Became a worshipper of Qazlal Stormbringer
  2141 | D:3      | Reached * piety under Qazlal
  2141 | D:3      | Reached ** piety under Qazlal
  2424 | D:3      | Reached skill level 5 in Fighting
  2432 | D:3      | Reached XP level 5. HP: 47/48 MP: 5/5
  2535 | D:3      | Reached skill level 5 in Unarmed Combat
  2817 | D:4      | Noticed a black bear
  2829 | D:4      | Killed a black bear
  2830 | D:4      | Reached skill level 6 in Fighting
  2830 | D:4      | Reached XP level 6. HP: 42/57 MP: 6/6
  2839 | D:4      | Noticed Grinder
  2870 | D:4      | Killed Grinder
  2871 | D:4      | Your scales start taking on a fiery red colour.
  2871 | D:4      | Reached XP level 7. HP: 36/64 MP: 7/7
  2871 | D:4      | Gained mutation: Your flesh is heat resistant. (rF+) [Red
                  | Draconian growth]
  3017 | D:4      | Found an ornate altar of the Wu Jian Council.
  3135 | D:4      | Noticed Pikel
  3150 | D:4      | Killed Pikel
  3151 | D:4      | Reached skill level 8 in Fighting
  3151 | D:4      | Reached XP level 8. HP: 74/74 MP: 8/8
  3315 | D:4      | Reached *** piety under Qazlal
  3424 | D:4      | Found an ancient bone altar of Kikubaaqudgha.
  3564 | D:4      | Found a burning altar of Makhleb.
  3578 | D:4      | Identified the +0 leather armour of the Ladybird {rC+ Int-4
                  | Dex+7 SInv}
  3913 | D:4      | Noticed Sigmund
  3922 | D:4      | Killed Sigmund
  3951 | D:4      | Found a hide-covered altar of Uskayaw.
  4180 | D:4      | Upgraded the game from 0.30-a0-737-gf23d94013f to
                  | 0.30-a0-743-gbfdf073431
  4207 | D:5      | Entered Level 5 of the Dungeon
  4253 | D:5      | Reached skill level 1 in Invocations
  5044 | D:6      | Reached skill level 9 in Fighting
  5118 | D:6      | HP: 1/78 [orc warrior/+0 hand axe (7)]
  5118 | D:6      | Mangled by an orc warrior

Illustrated notes

Levels and vault maps discovered:
D:1:      eino_arrival_cavern_d, layout_rooms
D:2:      kennysheep_big_flooded_room, layout_basic, uniq_jessica
D:3:      layout_loops_ring, gammafunk_temple_overflow_pools, goddamned_bats
D:4:      cheibrodos_greedy_goblins, layout_loops_ring,
          mainiacjoe_overflow_surrounded_room, mainiacjoe_overflow_swirl,
          general_overflow_altar, uniq_pikel, uniq_grinder, uniq_sigmund
D:5:      layout_loops_ring
D:6:      cheibrodos_iron_armory, layout_loops_cross, uniq_prince_ribbit1

Skill      XL: |  1  2  3  4  5  6  7  8 |
---------------+-------------------------+-----
Fighting       | 4 5 6 8 9 |  9.0
Unarmed Combat | 4 5 6 7 8 |  8.6
Invocations    | 3 |  3.2
Dodging        | |  2.6
Stealth        | |  1.7

Action                     |  1- 3 |  4- 6 |  7- 9 || total
---------------------------+-------+-------+-------++-------
  Melee: Unarmed           |   126 |   184 |   158 ||   468
         Tailslap          |    15 |    22 |    20 ||    57
         Punch             |     6 |     5 |     4 ||    15
Ability: Breathe Fire      |       |       |     2 ||     2
    Use: Scroll            |     4 |     3 |     6 ||    13
         Potion            |       |     4 |     2 ||     6
   Stab: Sleeping          |     3 |     2 |       ||     5
         Distracted        |       |     2 |       ||     2
 Armour: Skin              |    32 |    98 |    27 ||   157
  Dodge: Dodged            |    81 |   171 |    73 ||   325
  Block: Other             |       |    25 |    22 ||    47

Table legend: (Time is in decaauts)
 A = Elapsed time spent in this place.
 B = Non-inter-level travel time spent in this place.
 C = Inter-level travel time spent in this place.
 D = Time resting spent in this place.
 E = Time spent auto-exploring this place.
 F = Levels seen in this place.
 G = Mean time per level.
                   A        B        C        D        E       F      G
               +--------+--------+--------+--------+--------+-----+--------+
         Total |   5068 |   4957 |    111 |    561 |   3488 |   6 |  844.7 |
       Dungeon |   5068 |   4957 |    111 |    561 |   3488 |   6 |  844.7 |
               +--------+--------+--------+--------+--------+-----+--------+

Top non-repeatable levels by time:
     D:4: 1400 daAuts
     D:2: 1053 daAuts
     D:3: 1018 daAuts
     D:5: 751 daAuts
     D:1: 693 daAuts
     D:6: 150 daAuts
